 Dungeon Crawl Stone Soup version 0.30-a0-331-g8ab09dc110 (webtiles) character file.

Game seed: 11427301628863620542

41 p00ps00p the Trooper (level 3, -2/33 HPs)
             Began as a Hill Orc Fighter on Oct 30, 2022.
             Slain by a gnoll
             ... wielding a +0 halberd
              (7 damage)
             ... on level 2 of the Dungeon.
             The game lasted 00:02:33 (1133 turns).

p00ps00p the Trooper (Hill Orc Fighter)             Turns: 1133, Time: 00:02:33

Health: -2/33      AC: 15    Str: 18    XL:     3   Next: 52%
Magic:  3/3        EV:  3    Int:  8    God:
Gold:   41         SH:  8    Dex: 12    Spells: 2/2 levels left

rFire   . . .      SeeInvis .    a - +0 war axe
rCold   . . .      Faith    .    k - +0 kite shield
rNeg    . . .      Spirit   .    i - +1 plate armour
rPois   .          Reflect  .    b - +0 helmet
rElec   .          Harm     .    (no cloak)
rCorr   .          Rampage  .    (no gloves)
Will    .....                    l - +0 pair of boots
Stlth   ..........               (no amulet)
HPRegen 0.25/turn                (no ring)
MPRegen 0.08/turn                (no ring)

@: no status effects
A: no striking features
a: no special abilities


You were on level 2 of the Dungeon.
You visited 1 branch of the dungeon, and saw 2 of its levels.

You collected 41 gold pieces.

Inventory:

Hand Weapons
 a - a +0 war axe (weapon)
Missiles
 e - 4 poisoned darts (quivered)
Armour
 b - a +0 helmet (worn)
 i - a +1 plate armour (worn)
 k - a +0 kite shield (worn)
 l - a +0 pair of boots (worn)
Scrolls
 c - a scroll of brand weapon {unknown}
 f - a scroll of summoning {unknown}
 h - 2 scrolls of fear
 m - a scroll of identify {unknown}
Potions
 d - a potion of might
 g - a potion of lignification {unknown}
 j - 2 potions of flight {unknown}


   Skills:
 + Level 4.1 Fighting
 + Level 3.4 Axes
 + Level 3.7 Armour
 + Level 3.8 Shields


You had 2 spell levels left.
You didn't know any spells.
Your spell library was empty.

Dungeon Overview and Level Annotations

Branches:
Dungeon (2/15)

Altars:


Message History

Done exploring.
Done exploring.
Done exploring.
(D) Dungeon
Where to? (Enter - D:1 @ (x,y), ? - help)
There is a stone staircase leading down here.
You climb downwards.
There is a stone staircase leading up here.
A dart slug comes into view.
A dart slug is nearby!
The dart slug launches a dart at you.
The slug dart hits you but does no damage.
There is a stone staircase leading up here.
You slash the dart slug!
You kill the dart slug! 2 gnolls come into view.
Found a dagger.
A gnoll comes into view. It is wielding a +0 halberd.
The gnoll shouts!
The gnoll hits you with a +0 spear.
You barely miss the gnoll. The gnoll hits you but does no damage.
A bat comes into view.
You block the gnoll's attack. x2
You barely miss the gnoll. You block the gnoll's attack.
The gnoll hits you but does no damage. x2
You barely miss the gnoll. You block the gnoll's attack.
The gnoll hits you but does no damage. x2; The gnoll hits you with a +0 club.
The gnoll hits you but does no damage. x2
You closely miss the gnoll.
The gnoll hits you from afar with a +0 halberd!
The gnoll hits you from afar with a +0 spear.
The gnoll hits you with a +0 club.
You slash the gnoll!
You kill the gnoll!
You block the gnoll's attack. The gnoll hits you but does no damage.
The gnoll hits you from afar with a +0 spear.
The gnoll hits you from afar with a +0 halberd!
* * * LOW HITPOINT WARNING * * *
The gnoll hits you with a +0 halberd!
You die...

. . .## . .## ..# #.
..### ###.# #.. #...
...# ##..## ..# #..#
......###.# #..#
PPPPP....g#####<.###
P.......bg@........#
...P.P..####.##.##.#
..P.....# #.##.##.#
.P.P....# #.##.##.#
P.).P...# #.##.##.#
PPP.....# #..#.##.#
......#.# .....##.#
##..#...# #....####
#+..


You could see 2 gnolls and a bat.

Vanquished Creatures
  A gnoll (D:2)
  A dart slug (D:2)
  3 endoplasms (D:1)
  A giant cockroach (D:1)
  4 goblins (D:1)
  2 hobgoblins (D:1)
  7 jackals (D:1)
  A quokka (D:1)
  A ball python (D:1)
  3 bats (D:1)
  A rat (D:1)
25 creatures vanquished.

Vanquished Creatures (others)
  9 plants (D:2)
9 creatures vanquished.

Grand Total: 34 creatures vanquished

Notes
Turn   | Place    | Note
-------+----------+-------------------------------------------
     0 | D:1      | p00ps00p the Hill Orc Fighter began the quest for the Orb.
     0 | D:1      | Reached XP level 1. HP: 19/19 MP: 1/1
    69 | D:1      | Reached XP level 2. HP: 21/27 MP: 2/2
   670 | D:1      | Reached skill level 4 in Fighting
   778 | D:1      | Reached XP level 3. HP: 33/33 MP: 3/3
  1133 | D:2      | Slain by a gnoll

Illustrated notes

Levels and vault maps discovered:
D:1:      dpeg_arrival_central, layout_basic, item_on_display_a
D:2:      layout_loops_ring, nicolae_grassy_gnolls, uniq_jessica, uniq_natasha,
          uniq_crazy_yiuf_cottage, uniq_robin

Skill      XL: |  1  2 |
---------------+-------+-----
Axes           | 3 |  3.4
Fighting       | 4 |  4.1
Armour         | |  3.7
Shields        | |  3.8

Action                   || total
-------------------------++-------
Melee: War axe           ||    59
  Use: Scroll            ||     4
Armor: Scale mail        ||    11
       Plate armour      ||    36
Dodge: Dodged            ||    23
Block: Buckler           ||     6
       Kite shield       ||    23

Table legend: (Time is in decaauts)
 A = Elapsed time spent in this place.
 B = Non-inter-level travel time spent in this place.
 C = Inter-level travel time spent in this place.
 D = Time resting spent in this place.
 E = Time spent auto-exploring this place.
 F = Levels seen in this place.
 G = Mean time per level.
                   A        B        C        D        E       F      G
               +--------+--------+--------+--------+--------+-----+--------+
         Total |   1160 |   1144 |     16 |    200 |    634 |   2 |  580.0 |
       Dungeon |   1160 |   1144 |     16 |    200 |    634 |   2 |  580.0 |
               +--------+--------+--------+--------+--------+-----+--------+

Top non-repeatable levels by time:
     D:1: 1112 daAuts
     D:2: 47 daAuts
